[Event "UKR-ch Women 2020"]
[Site "Kherson"]
[Date "2020.12.06"]
[Round "1.5"]
[White "Hryzlova, Sofiia"]
[Black "Babiy, Olga"]
[Result "1/2-1/2"]
[ECO "A20"]
[WhiteElo "2064"]
[BlackElo "2271"]
[Annotator "RC"]
[PlyCount "117"]
[EventDate "2020.12.06"]
[EventType "swiss"]
[EventCountry "UKR"]
[SourceTitle "playchess.com"]
[Source "ChessBase"]
[SourceQuality "1"]
[TimeControl "40/5400+30:1800+30"]

1. c4 e5 2. g3 c6 3. Nf3 d6 4. Nc3 Nf6 5. Bg2 Be7 6. Qc2 Bg4 7. h3 Bxf3 8. Bxf3 O-O 9. d3 Nfd7 10. O-O a5 11. e4 Nc5 12. Be3 Ne6 13. Bg4 Nd7 14. f4 Bf6 15. a3 exf4 16. gxf4 Ndc5 17. Ne2 Qb6 18. Rab1 a4 19. Rf3 Qb3 20. Qxb3 Nxb3 21. Bxe6 fxe6 22. Rg3 Rf7 23. d4 b5 24. e5 Be7 25. cxb5 cxb5 26. Nc3 dxe5 27. dxe5 Bc5 28. Bxc5 Nxc5 29. Nxb5 Rb8 30. Nd6 Rxf4 31. Rc1 Nb3 32. Rc7 g6 33. Rg4 Rxg4+ 34. hxg4 Nd2 35. Kf2 Rxb2 36. Ke3 Nf1+ 37. Kf4 Rf2+ 38. Kg5 Nd2 39. Rc8+ Kg7 40. Rc7+ Kg8 41. Ra7 Rf1 42. Rxa4 Kg7 43. Ra7+ Kg8 44. a4 Nf3+ 45. Kf6 Nh2+ 46. Kxe6 Nxg4 47. Ra8+ Kg7 48. Ne8+ Kh6 49. Nf6 Ne3 50. Rh8 Ra1 51. Rxh7+ Kg5 52. Ne4+ Kf4 53. Rh4+ Kf3 54. Ng5+ Kg3 55. Re4 Ng4 56. Kf7 Nxe5+ 57. Kf6 Nd7+ 58. Kxg6 Nc5 59. Re3+ 1/2-1/2

[Event "UKR-ch Women 2020"]
[Site "Kherson"]
[Date "2020.12.07"]
[Round "2.1"]
[White "Osmak, Iulija"]
[Black "Martynkova, Olena"]
[Result "1-0"]
[ECO "A57"]
[WhiteElo "2438"]
[BlackElo "2222"]
[Annotator "RC"]
[PlyCount "115"]
[EventDate "2020.12.06"]
[EventType "swiss"]
[EventCountry "UKR"]
[SourceTitle "playchess.com"]
[Source "ChessBase"]
[SourceQuality "1"]
[TimeControl "40/5400+30:1800+30"]

1. d4 Nf6 2. c4 c5 3. d5 b5 4. cxb5 a6 5. e3 g6 6. Nc3 d6 7. Nf3 Bg7 8. e4 O-O 9. a4 axb5 10. Bxb5 Ba6 11. Bg5 h6 12. Bf4 Ne8 13. O-O Nc7 14. Qe2 Nd7 15. h3 Qb8 16. Nd2 Qb7 17. Ra3 Bxb5 18. Nxb5 Nxb5 19. axb5 Rfb8 20. Rb1 Nb6 21. Qe3 Kh7 22. Qd3 Ra4 23. Qc2 Rb4 24. Rb3 Nd7 25. Rxb4 cxb4 26. Ra1 Qxb5 27. Ra7 Bf6 28. Qc6 Nc5 29. Qxb5 Rxb5 30. b3 Rb7 31. Rxb7 Nxb7 32. Be3 Kg7 33. Nc4 Bc3 34. f4 f6 35. Kf2 g5 36. f5 h5 37. Bb6 Kf7 38. Ke3 Ke8 39. Na5 Nc5 40. Bxc5 dxc5 41. Kd3 Kd7 42. Nb7 Kc7 43. Nxc5 Kd6 44. Na4 Be1 45. Nb6 Bf2 46. Nc4+ Kc5 47. Na5 Bg3 48. Nc6 Bd6 49. Na7 Kb6 50. Nc8+ Kc5 51. Nxd6 exd6 52. g3 h4 53. g4 Kb5 54. Kd4 Kb6 55. Kc4 Ka5 56. e5 dxe5 57. Kc5 Ka6 58. Kc6 1-0

[Event "UKR-ch Women 2020"]
[Site "Kherson"]
[Date "2020.12.07"]
[Round "2.3"]
[White "Grigorchuk, Katerina"]
[Black "Berdnyk, Mariia"]
[Result "0-1"]
[ECO "C78"]
[WhiteElo "1767"]
[BlackElo "2324"]
[Annotator "RC"]
[PlyCount "154"]
[EventDate "2020.12.06"]
[EventType "swiss"]
[EventCountry "UKR"]
[SourceTitle "playchess.com"]
[Source "ChessBase"]
[SourceQuality "1"]
[TimeControl "40/5400+30:1800+30"]

1. e4 e5 2. Nf3 Nc6 3. Bb5 a6 4. Ba4 Nf6 5. O-O b5 6. Bb3 Bc5 7. d3 d6 8. c3 h6 9. h3 O-O 10. Re1 Be6 11. Bc2 d5 12. exd5 Qxd5 13. Qe2 Rfe8 14. Nbd2 Rad8 15. Ne4 Nxe4 16. dxe4 Qc4 17. Qxc4 Bxc4 18. Be3 Bxe3 19. Rxe3 f6 20. a4 Rd6 21. axb5 axb5 22. b3 Bf7 23. Bd3 Rb8 24. b4 Ne7 25. Ra7 Rc6 26. Be2 Nc8 27. Ra5 Nd6 28. Nd2 Rcb6 29. Ra7 R6b7 30. Ra6 Be6 31. g3 g5 32. f4 gxf4 33. gxf4 exf4 34. Rf3 Kg7 35. Kh2 Rb6 36. Ra1 Rc6 37. Rg1+ Kf7 38. Rxf4 Rxc3 39. Bh5+ Ke7 40. Nf3 Rc2+ 41. Kh1 Rg8 42. Rxg8 Bxg8 43. e5 fxe5 44. Nxe5 Bd5+ 45. Kg1 Ne4 46. Ng6+ Kd6 47. Bf3 Rc4 48. Rf8 Rxb4 49. Rd8+ Kc5 50. Nf4 Rb1+ 51. Kg2 c6 52. Nxd5 Rb2+ 53. Kf1 Rf2+ 54. Kg1 Rxf3 55. Ne7 b4 56. Nxc6 Kxc6 57. Rd4 Ng5 58. Rxb4 Rxh3 59. Kg2 Kd6 60. Rb6+ Ke5 61. Rb5+ Kf4 62. Rb4+ Kf5 63. Rb5+ Kg4 64. Rb4+ Kh5 65. Rb5 Re3 66. Kf2 Rf3+ 67. Kg2 Kg4 68. Rb4+ Rf4 69. Rb3 Ne4 70. Rb6 h5 71. Rg6+ Ng5 72. Rb6 h4 73. Rg6 Ra4 74. Rg8 Ra2+ 75. Kg1 Kf4 76. Rh8 Kg3 77. Kf1 h3 0-1

[Event "UKR-ch Women 2020"]
[Site "Kherson"]
[Date "2020.12.07"]
[Round "2.5"]
[White "Babiy, Olga"]
[Black "Petrova, Irina"]
[Result "1-0"]
[ECO "C41"]
[WhiteElo "2271"]
[BlackElo "2077"]
[Annotator "RC"]
[PlyCount "129"]
[EventDate "2020.12.06"]
[EventType "swiss"]
[EventCountry "UKR"]
[SourceTitle "playchess.com"]
[Source "ChessBase"]
[SourceQuality "1"]
[TimeControl "40/5400+30:1800+30"]

1. e4 d6 2. d4 Nf6 3. Nc3 e5 4. Nf3 Nbd7 5. Bc4 Be7 6. a4 O-O 7. O-O c6 8. Re1 h6 9. h3 Re8 10. a5 Bf8 11. dxe5 dxe5 12. Nh4 Nc5 13. Qxd8 Rxd8 14. Ng6 Bd6 15. f4 Be6 16. Nxe5 Bxe5 17. fxe5 Nfd7 18. Be2 Nxe5 19. Be3 Ncd7 20. b3 f6 21. Red1 Kf7 22. Ra4 b5 23. Rad4 Rh8 24. R4d2 h5 25. Kf2 g5 26. Bf1 h4 27. Ne2 a6 28. Nc1 Rhg8 29. Be2 Ke7 30. Nd3 Nxd3+ 31. Rxd3 Rac8 32. Rd6 Ne5 33. Bc5 Kf7 34. Bh5+ Ng6 35. Ke3 Rc7 36. R1d2 Re8 37. Rf2 Kg7 38. Bd4 Rf7 39. Kd2 c5 40. Bxc5 Rd7 41. Rxd7+ Bxd7 42. Bd4 Re6 43. c3 Ne5 44. Ke3 Bc6 45. Rf5 Nd7 46. Bf3 Kg6 47. Kd3 Rd6 48. Rd5 Bxd5 49. exd5 f5 50. c4 Nf6 51. Bxf6 Kxf6 52. Kd4 bxc4 53. bxc4 Rd8 54. c5 Rg8 55. d6 g4 56. Bb7 gxh3 57. gxh3 f4 58. Bxa6 Ra8 59. Be2 Rxa5 60. c6 Ke6 61. c7 Ra8 62. Kc5 Ra5+ 63. Kc6 Ra8 64. Bg4+ Ke5 65. d7 1-0

[Event "UKR-ch Women 2020"]
[Site "Kherson"]
[Date "2020.12.07"]
[Round "2.6"]
[White "Zinkevich, Julia"]
[Black "Hryzlova, Sofiia"]
[Result "1/2-1/2"]
[ECO "A46"]
[WhiteElo "2178"]
[BlackElo "2064"]
[Annotator "RC"]
[PlyCount "88"]
[EventDate "2020.12.06"]
[EventType "swiss"]
[EventCountry "UKR"]
[SourceTitle "playchess.com"]
[Source "ChessBase"]
[SourceQuality "1"]
[TimeControl "40/5400+30:1800+30"]

1. d4 Nf6 2. Nf3 e6 3. c4 c5 4. d5 d6 5. Nc3 g6 6. Bf4 e5 7. Bd2 e4 8. Ng1 Bg7 9. Qc1 h6 10. g3 a6 11. Bg2 Bf5 12. a4 Nbd7 13. f3 Qe7 14. f4 e3 15. Bxe3 Ng4 16. Bd2 Bd4 17. Nd1 O-O 18. h3 Ngf6 19. e3 Rfe8 20. Ne2 Bd3 21. Ra3 Bxe2 22. Kxe2 Ne4 23. Bxe4 Qxe4 24. Nf2 Qe7 25. Kf3 Bg7 26. Re1 b5 27. axb5 axb5 28. Rxa8 Rxa8 29. cxb5 f5 30. Bc3 Qf7 31. Qd2 Ra2 32. Qd3 g5 33. g4 Bxc3 34. bxc3 Ne5+ 35. fxe5 fxg4+ 36. Kxg4 Rxf2 37. Qe4 dxe5 38. Rg1 Kf8 39. d6 h5+ 40. Kg3 h4+ 41. Kg4 Rf6 42. Qxe5 Qd7+ 43. Kh5 Qf7+ 44. Kg4 Qd7+ 1/2-1/2

[Event "UKR-ch Women 2020"]
[Site "Kherson"]
[Date "2020.12.07"]
[Round "2.7"]
[White "Hrebenshchykova, Yelyzaveta"]
[Black "Mashchenko, Tamila"]
[Result "1-0"]
[ECO "B75"]
[WhiteElo "2083"]
[BlackElo "1768"]
[Annotator "RC"]
[PlyCount "81"]
[EventDate "2020.12.06"]
[EventType "swiss"]
[EventCountry "UKR"]
[SourceTitle "playchess.com"]
[Source "ChessBase"]
[SourceQuality "1"]
[TimeControl "40/5400+30:1800+30"]

1. e4 c5 2. Nf3 d6 3. d4 cxd4 4. Nxd4 Nf6 5. Nc3 g6 6. Be3 Bg7 7. f3 Nc6 8. Qd2 O-O 9. g4 Bd7 10. O-O-O Qa5 11. Nb3 Qc7 12. h4 Rfc8 13. h5 Ne5 14. Be2 b5 15. hxg6 fxg6 16. Bh6 b4 17. Nd5 Nxd5 18. exd5 Bh8 19. Nd4 a5 20. Kb1 a4 21. Be3 Qb7 22. f4 Nxg4 23. Bxg4 Bxg4 24. Rdg1 Qxd5 25. Qh2 Bxd4 26. Qxh7+ Kf8 27. Qh6+ Bg7 28. Qxg6 b3 29. Qxg4 bxc2+ 30. Kc1 Qf7 31. f5 Rab8 32. Bd4 Bxd4 33. Qxd4 Ke8 34. Rh8+ Kd7 35. Qxa4+ Kc7 36. Qa5+ Kb7 37. Rh3 Rc6 38. Rg4 Qf8 39. Rb4+ Kc8 40. Rxb8+ Kxb8 41. Rb3+ 1-0

[Event "UKR-ch Women 2020"]
[Site "Kherson"]
[Date "2020.12.07"]
[Round "2.8"]
[White "Grineva, Marianna"]
[Black "Tsirulnik, Maritsa"]
[Result "0-1"]
[ECO "B82"]
[WhiteElo "2001"]
[BlackElo "2139"]
[Annotator "NA RC"]
[PlyCount "60"]
[EventDate "2020.12.06"]
[EventType "swiss"]
[EventCountry "UKR"]
[SourceTitle "playchess.com"]
[Source "ChessBase"]
[SourceQuality "1"]
[TimeControl "40/5400+30:1800+30"]

1. e4 c5 2. Nf3 e6 3. d4 cxd4 4. Nxd4 Nc6 5. Nc3 d6 6. Be3 Nf6 7. f4 Be7 8. Qf3 e5 9. Nxc6 bxc6 10. f5 d5 11. exd5 cxd5 12. O-O-O Bb7 13. Bb5+ Kf8 14. Bg5 Qb6 15. Qe2 d4 16. Qxe5 $2 (16. Na4 $15 Qc7 17. Rhe1) 16... dxc3 17. Be3 Qa5 18. Rhe1 Ne4 $19 ({Avoid the trap} 18... Ng4 $2 {[#]} 19. Qxe7+ $1 Kxe7 20. Bb6+ Kf6 21. Bxa5 $18) 19. Bd4 cxb2+ 20. Kb1 Bf6 21. Rxe4 Bxe5 22. Rxe5 Kg8 23. Rde1 h6 24. Bd3 Qd8 25. c3 Bc6 26. Bc4 Qg5 27. g3 Bd7 28. Bd3 f6 29. Rd5 Qd2 30. Rxd7 Qxd3+ 0-1

[Event "UKR-ch Women 2020"]
[Site "Kherson"]
[Date "2020.12.07"]
[Round "2.9"]
[White "Yeshchenko, Uliana"]
[Black "Rakhmangulova, Anastasiya"]
[Result "0-1"]
[ECO "B26"]
[WhiteElo "1872"]
[BlackElo "2132"]
[Annotator "NA RC"]
[PlyCount "64"]
[EventDate "2020.12.06"]
[EventType "swiss"]
[EventCountry "UKR"]
[SourceTitle "playchess.com"]
[Source "ChessBase"]
[SourceQuality "1"]
[TimeControl "40/5400+30:1800+30"]

1. e4 c5 2. Nc3 Nc6 3. g3 g6 4. Bg2 Bg7 5. d3 d6 6. Be3 Nh6 7. h3 f5 8. Qd2 Nf7 9. exf5 Bxf5 10. Nf3 Nd4 11. Nd1 O-O 12. Ng5 Nxg5 13. Bxg5 Bd7 14. Nc3 Qa5 15. f4 Rae8 16. O-O h6 17. Bh4 Nf5 18. Kh2 Qb4 19. Ne4 Qxd2 20. Nxd2 Ne3 21. Rg1 Nxc2 22. Rab1 Bd4 23. Rgc1 Ne3 24. Ne4 Bb5 25. Re1 Bxd3 $19 26. Rbc1 c4 27. Nc3 g5 28. fxg5 Rf2 29. Rg1 Rxb2 30. gxh6 Rf8 31. g4 Be5+ 32. Kh1 Nxg2 0-1

[Event "UKR-ch Women 2020"]
[Site "Kherson"]
[Date "2020.12.07"]
[Round "2.10"]
[White "Barchuk, Irina"]
[Black "Dubovyk, Anastasiia"]
[Result "1/2-1/2"]
[ECO "B56"]
[WhiteElo "2075"]
[BlackElo "1971"]
[Annotator "NA RC"]
[PlyCount "112"]
[EventDate "2020.12.06"]
[EventType "swiss"]
[EventCountry "UKR"]
[SourceTitle "playchess.com"]
[Source "ChessBase"]
[SourceQuality "1"]
[TimeControl "40/5400+30:1800+30"]

1. e4 c5 2. Nf3 d6 3. d4 cxd4 4. Nxd4 Nf6 5. Nc3 Nc6 6. Nde2 e5 7. g3 Be7 8. Bg2 O-O 9. O-O a6 10. a4 Nb4 11. b3 Be6 12. Ba3 a5 13. Qd2 Qb6 14. Nb5 $1 {[%emt 0:05:26] [#]} Rac8 $146 ({Predecessor:} 14... d5 15. exd5 Nfxd5 16. Bb2 Nc7 17. Bxe5 Nxb5 18. axb5 Qxb5 19. Bb2 Rfd8 20. Nd4 Qd7 {½-½ (20) Kosic,B (2407)-Wenzel,S (2380) ICCF email 2015}) 15. c4 Na6 16. h3 Nc5 17. Qe3 Ne8 18. Nec3 Nc7 19. Rfd1 Nxb5 20. axb5 Qc7 21. Bxc5 dxc5 22. h4 Rcd8 23. Kh2 $14 Rxd1 24. Rxd1 Rd8 25. Rd3 Rd4 26. Ne2 Rd6 27. Bh3 Qd7 28. Bxe6 fxe6 29. Rxd6 Qxd6 30. Kg2 h5 31. Ng1 b6 32. Qe2 g6 33. Nf3 Kg7 34. Qc2 Bf6 35. Kf1 Qd8 36. Ke2 Qd6 37. Qb2 Kf7 38. Qa1 Kg7 39. Qg1 Qd8 40. g4 Qa8 41. Ke3 Kf7 42. Qd1 Ke7 43. g5 Bg7 44. Ne1 Qd8 45. Qxd8+ Kxd8 46. Nd3 Ke7 47. f4 Kd6 48. Kf3 Ke7 49. fxe5 Kf7 50. Kf4 Bf8 51. Nb2 Be7 52. Na4 Bd8 53. Nc3 Bc7 54. Nd5 exd5 55. exd5 Ke7 56. Ke4 Bb8 1/2-1/2

[Event "UKR-ch Women 2020"]
[Site "Kherson"]
[Date "2020.12.08"]
[Round "3.1"]
[White "Berdnyk, Mariia"]
[Black "Osmak, Iulija"]
[Result "1/2-1/2"]
[ECO "A40"]
[WhiteElo "2324"]
[BlackElo "2438"]
[Annotator "ChessBase"]
[PlyCount "121"]
[EventDate "2020.12.06"]
[EventType "swiss"]
[EventCountry "UKR"]
[SourceTitle "playchess.com"]
[Source "ChessBase"]
[SourceQuality "1"]
[TimeControl "40/5400+30:1800+30"]

1. d4 Nf6 2. c4 e6 3. g3 d5 4. Nf3 Bb4+ 5. Bd2 Be7 6. Bg2 O-O 7. O-O Nbd7 8. Qc2 Ne4 9. Bf4 c6 10. Nc3 g5 11. Be3 Nd6 12. cxd5 exd5 13. Rad1 Nb6 14. b3 Bf5 15. Qc1 h6 16. Ne5 f6 17. Nd3 Qe8 18. f3 Bxd3 19. Rxd3 f5 20. Bf2 Qg6 21. Rdd1 Nd7 22. Qb1 Nf6 23. g4 Kh7 24. gxf5 Nxf5 25. e4 Ng7 26. Kh1 Bb4 27. Ne2 Nfh5 28. exd5 Qxb1 29. Rxb1 Rae8 30. Rb2 cxd5 31. f4 Nxf4 32. Nxf4 Rxf4 33. Bxd5 Ref8 34. Kg2 Nf5 35. Rc1 Rxf2+ 36. Rxf2 Ne3+ 37. Kg1 Nxd5 38. Rxf8 Bxf8 39. Rc8 Bg7 40. Rd8 Nc3 41. d5 Bd4+ 42. Kg2 Bb6 43. Rd7+ Kg6 44. a4 Kf6 45. d6 Ke6 46. Rxb7 Kxd6 47. Rh7 Nd5 48. Rxh6+ Kc5 49. Kf3 Kb4 50. Rg6 a5 51. Ke4 Nc3+ 52. Kd3 Bd8 53. Rg8 Bc7 54. Rxg5 Bxh2 55. Kc2 Bf4 56. Rf5 Bd6 57. Rh5 Ne2 58. Rd5 Bc5 59. Kb2 Nd4 60. Rd7 Bb6 61. Rb7 1/2-1/2

[Event "UKR-ch Women 2020"]
[Site "Kherson"]
[Date "2020.12.08"]
[Round "3.2"]
[White "Doluhanova, Evgeniya"]
[Black "Shpanko, Nadiia"]
[Result "1/2-1/2"]
[ECO "B10"]
[WhiteElo "2229"]
[BlackElo "2235"]
[Annotator "NA"]
[PlyCount "169"]
[EventDate "2020.12.06"]
[EventType "swiss"]
[EventCountry "UKR"]
[SourceTitle "playchess.com"]
[Source "ChessBase"]
[SourceQuality "1"]
[TimeControl "40/5400+30:1800+30"]

1. e4 c6 2. d3 d5 3. Qe2 Qc7 4. Nf3 Bg4 5. h3 Bh5 6. g4 Bg6 7. Nc3 dxe4 8. Nxe4 Nd7 9. Bd2 Ngf6 10. Nxf6+ gxf6 11. Bg2 O-O-O 12. O-O-O e5 13. d4 Bd6 14. Bc3 Rhe8 15. d5 Nc5 16. dxc6 Qxc6 17. Nh4 Be4 18. Bxe4 Nxe4 19. Ba5 b6 20. Rhe1 Ng5 21. Bd2 Ne6 22. Nf5 Bf8 23. Qe4 Qxe4 24. Rxe4 Kb7 25. c3 Bc5 26. b4 Bf8 27. Kc2 Rd7 28. Be3 Rxd1 29. Kxd1 Nc7 30. Kc2 Nd5 31. a3 Rc8 32. c4 Nc7 33. Kb3 Ne8 34. Bd2 Nd6 35. Nxd6+ Bxd6 36. Re3 Rd8 37. Rd3 Kc6 38. Bc3 Be7 39. b5+ Kc7 40. Rxd8 Bxd8 41. Kc2 Kd6 42. Kd3 Ke6 43. Ke4 Bc7 44. Bb4 Bb8 45. f3 Bc7 46. h4 Bd8 47. c5 Bc7 48. a4 Bd8 49. c6 Bc7 50. Bd2 Kd6 51. Be3 Ke6 52. f4 Bd8 53. Bd2 Bc7 54. f5+ Ke7 55. Bb4+ Kd8 56. g5 Ke8 57. gxf6 Kd8 58. Bc3 Bd6 59. Bxe5 Bb4 60. Kf4 Kc8 61. Kg5 Bf8 62. Kh5 Kd8 63. Bf4 Kc8 64. Kg4 Bc5 65. h5 Bf8 66. Kf3 Bb4 67. Ke4 Ba3 68. Kd5 Bb4 69. Be5 Ba3 70. Bc3 Kc7 71. a5 Bf8 72. Be5+ Kc8 73. a6 Bb4 74. Bf4 Ba3 75. Bd6 Bc1 76. Be5 Ba3 77. Bc3 Kc7 78. Kc4 Kc8 79. Bb4 Bc1 80. Kd5 Bf4 81. Bd6 Bc1 82. Bc5 Kc7 83. Bd4 Ba3 84. Be5+ Kc8 85. Bd6 1/2-1/2

[Event "UKR-ch Women 2020"]
[Site "Kherson"]
[Date "2020.12.08"]
[Round "3.3"]
[White "Buksa, Nataliya"]
[Black "Babiy, Olga"]
[Result "1-0"]
[ECO "B12"]
[WhiteElo "2410"]
[BlackElo "2271"]
[Annotator "NA"]
[PlyCount "67"]
[EventDate "2020.12.06"]
[EventType "swiss"]
[EventCountry "UKR"]
[SourceTitle "playchess.com"]
[Source "ChessBase"]
[SourceQuality "1"]
[TimeControl "40/5400+30:1800+30"]

1. e4 c6 2. d4 d5 3. f3 e6 4. Nc3 Qb6 5. a3 Ne7 6. Be3 Ng6 7. e5 Nxe5 8. b3 Ng6 9. Qd2 Nd7 10. h4 h5 11. Bd3 f5 12. Nge2 Nf6 13. b4 a5 14. b5 a4 15. bxc6 bxc6 16. Bg5 Bd6 17. Nf4 Bxf4 18. Bxf4 Qxd4 19. Bg3 Ne5 20. Bb5 Qxd2+ 21. Kxd2 Nxf3+ 22. gxf3 cxb5 23. Nxb5 O-O 24. Rae1 Ra6 25. Rhg1 Bd7 26. Nd4 Rb6 27. Be5 Kf7 28. Rg5 g6 29. Reg1 Rg8 30. Ne2 Rc6 31. Nf4 Rc4 32. Nxg6 Be8 33. Nh8+ Rxh8 34. Rg7+ 1-0

[Event "UKR-ch Women 2020"]
[Site "Kherson"]
[Date "2020.12.08"]
[Round "3.4"]
[White "Hryzlova, Sofiia"]
[Black "Gaponenko, Inna"]
[Result "1/2-1/2"]
[ECO "A34"]
[WhiteElo "2064"]
[BlackElo "2390"]
[Annotator "NA"]
[PlyCount "57"]
[EventDate "2020.12.06"]
[EventType "swiss"]
[EventCountry "UKR"]
[SourceTitle "playchess.com"]
[Source "ChessBase"]
[SourceQuality "1"]
[TimeControl "40/5400+30:1800+30"]

1. c4 c5 2. Nc3 g6 3. Nf3 Bg7 4. e3 Nf6 5. d4 O-O 6. Be2 d5 7. dxc5 dxc4 8. Qa4 Nd5 9. O-O Nxc3 10. bxc3 Bxc3 11. Rb1 Bf6 12. Qxc4 Nc6 13. Bb2 Bf5 14. e4 Be6 15. Qa4 Qa5 16. Qxa5 Nxa5 17. e5 Bg7 18. Bc3 Nc6 19. Rxb7 Bxa2 20. Bb5 Rfc8 21. Bxc6 Rxc6 22. Bb4 a5 23. Ba3 Bd5 24. Nd4 Rxc5 25. Rd7 Rc3 26. Bb2 Rc5 27. Ba3 Rc3 28. Bb2 Rc5 29. Ba3 1/2-1/2

[Event "UKR-ch Women 2020"]
[Site "Kherson"]
[Date "2020.12.08"]
[Round "3.5"]
[White "Martynkova, Olena"]
[Black "Grigorchuk, Katerina"]
[Result "0-1"]
[ECO "D76"]
[WhiteElo "2222"]
[BlackElo "1767"]
[Annotator "NA"]
[PlyCount "100"]
[EventDate "2020.12.06"]
[EventType "swiss"]
[EventCountry "UKR"]
[SourceTitle "playchess.com"]
[Source "ChessBase"]
[SourceQuality "1"]
[TimeControl "40/5400+30:1800+30"]

1. d4 Nf6 2. c4 g6 3. Nf3 Bg7 4. g3 O-O 5. Bg2 d5 6. cxd5 Nxd5 7. O-O Nb6 8. Nc3 Nc6 9. e3 Re8 10. Re1 a5 11. Qe2 Be6 12. Nd2 a4 13. Rb1 Bf5 14. Nde4 e5 15. d5 Ne7 16. Rd1 Nexd5 17. Nxd5 Nxd5 18. Rxd5 Qxd5 19. Nf6+ Bxf6 20. Bxd5 Bxb1 21. Bxb7 Rab8 22. Bc6 Red8 23. e4 Rb4 24. Bd5 c6 25. Qf3 Kg7 26. Bh6+ Kxh6 27. Qxf6 Rc8 28. Qh4+ Kg7 29. Qe7 cxd5 30. Qxb4 Bxe4 31. Qe1 f6 32. Qe3 Rc7 33. f3 Bf5 34. g4 d4 35. Qd2 Be6 36. Qb4 Rd7 37. Kf2 d3 38. Ke1 d2+ 39. Kd1 Bxa2 40. Qxa4 Be6 41. h3 Rd3 42. Ke2 d1=Q+ 43. Qxd1 Rxd1 44. Kxd1 Bd5 45. Ke2 Kf7 46. b4 Ke6 47. Ke3 Bb7 48. f4 e4 49. Kd4 f5 50. g5 Ba8 0-1

[Event "UKR-ch Women 2020"]
[Site "Kherson"]
[Date "2020.12.08"]
[Round "3.6"]
[White "Rakhmangulova, Anastasiya"]
[Black "Zinkevich, Julia"]
[Result "1-0"]
[ECO "C01"]
[WhiteElo "2132"]
[BlackElo "2178"]
[Annotator "NA"]
[PlyCount "161"]
[EventDate "2020.12.06"]
[EventType "swiss"]
[EventCountry "UKR"]
[SourceTitle "playchess.com"]
[Source "ChessBase"]
[SourceQuality "1"]
[TimeControl "40/5400+30:1800+30"]

1. e4 e6 2. d4 d5 3. exd5 exd5 4. Nc3 c6 5. Qf3 Qf6 6. Qxf6 Nxf6 7. Bd3 Bd6 8. Nge2 Bg4 9. f3 Bh5 10. Bf4 Bxf4 11. Nxf4 Bg6 12. Kf2 O-O 13. Bxg6 hxg6 14. h4 Nbd7 15. g4 Rae8 16. Rh2 Re7 17. Rah1 Rfe8 18. h5 g5 19. Nfe2 Nh7 20. Ng3 Ndf8 21. Nf5 Rd7 22. Ne2 Ne6 23. c3 b5 24. Kg3 a5 25. Nc1 Nf4 26. Nb3 Ra7 27. Nc5 b4 28. Rd2 g6 29. Nd6 bxc3 30. bxc3 Re2 31. Rxe2 Nxe2+ 32. Kf2 Nxc3 33. hxg6 fxg6 34. a4 Re7 35. Re1 Rxe1 36. Kxe1 Nf6 37. Ndb7 Ne8 38. Nxa5 Nd6 39. Nxc6 Nc4 40. Ne5 Nb6 41. a5 Na8 42. Nxg6 Kf7 43. Ne5+ Ke7 44. Kd2 Nb5 45. Ke3 Nac7 46. a6 Na8 47. Ned3 Nb6 48. Nb2 Kd6 49. Kd3 Na8 50. Nd1 Nac7 51. Nc3 Na7 52. Ke3 Nc6 53. Ne2 Nb4 54. f4 gxf4+ 55. Kxf4 Ke7 56. Nc3 Nc6 57. Ne2 Kf6 58. Nd7+ Ke6 59. Nc5+ Kf6 60. g5+ Kg6 61. Kg4 Kf7 62. Kf5 Ne8 63. Nd7 Ng7+ 64. Kg4 Ke7 65. Ne5 Na7 66. Nf4 Kd6 67. g6 Nb5 68. Kg5 Ne8 69. Nf3 Kc6 70. Kf5 Kb6 71. Nxd5+ Kxa6 72. Ke6 Kb7 73. Nf6 Ng7+ 74. Kd7 Kb6 75. Nd5+ Kb7 76. Nf4 Kb6 77. d5 Nc3 78. Ke7 Ne4 79. Nd4 Kb7 80. Kf7 Nh5 81. Nxh5 1-0

[Event "UKR-ch Women 2020"]
[Site "Kherson"]
[Date "2020.12.08"]
[Round "3.7"]
[White "Tsirulnik, Maritsa"]
[Black "Hrebenshchykova, Yelyzaveta"]
[Result "0-1"]
[ECO "D76"]
[WhiteElo "2139"]
[BlackElo "2083"]
[Annotator "NA"]
[PlyCount "56"]
[EventDate "2020.12.06"]
[EventType "swiss"]
[EventCountry "UKR"]
[SourceTitle "playchess.com"]
[Source "ChessBase"]
[SourceQuality "1"]
[TimeControl "40/5400+30:1800+30"]

1. d4 Nf6 2. c4 g6 3. Nf3 Bg7 4. g3 O-O 5. Bg2 d5 6. cxd5 Nxd5 7. O-O Nb6 8. Nc3 Nc6 9. e3 Re8 10. h3 a5 11. d5 Ne5 12. Nxe5 Bxe5 13. e4 e6 14. Re1 a4 15. Be3 a3 16. Qb3 axb2 17. Rad1 exd5 18. Bxb6 cxb6 19. f4 Bxc3 20. Qxc3 b1=Q 21. Rxb1 dxe4 22. Rbd1 Qe7 23. Rxe4 Be6 24. Re5 Rxa2 25. g4 Rd8 26. Rde1 Rdd2 27. Bh1 Qh4 28. Qe3 Rd3 0-1

[Event "UKR-ch Women 2020"]
[Site "Kherson"]
[Date "2020.12.08"]
[Round "3.8"]
[White "Petrova, Irina"]
[Black "Dubovyk, Anastasiia"]
[Result "1-0"]
[ECO "B51"]
[WhiteElo "2077"]
[BlackElo "1971"]
[Annotator "NA"]
[PlyCount "67"]
[EventDate "2020.12.06"]
[EventType "swiss"]
[EventCountry "UKR"]
[SourceTitle "playchess.com"]
[Source "ChessBase"]
[SourceQuality "1"]
[TimeControl "40/5400+30:1800+30"]

1. e4 c5 2. Nf3 d6 3. Bb5+ Nd7 4. O-O a6 5. Bxd7+ Bxd7 6. d4 cxd4 7. Qxd4 Rc8 8. a4 e5 9. Qd3 h6 10. c4 Qc7 11. Nfd2 Be6 12. b3 Nf6 13. Nc3 Be7 14. Ba3 O-O 15. Rfd1 Ne8 16. Nf1 f5 17. Ne3 fxe4 18. Nxe4 Rd8 19. Nd5 Bxd5 20. Qxd5+ Rf7 21. Rd3 Qc8 22. Rad1 Kf8 23. f3 b6 24. Kh1 g6 25. a5 bxa5 26. Qxa5 Qc6 27. Qd2 Kg7 28. c5 d5 29. Rxd5 Rb8 30. Bb2 Rxb3 31. Bxe5+ Kh7 32. Qa2 Qb5 33. R5d3 Rxf3 34. gxf3 1-0

[Event "UKR-ch Women 2020"]
[Site "Kherson"]
[Date "2020.12.08"]
[Round "3.9"]
[White "Mashchenko, Tamila"]
[Black "Barchuk, Irina"]
[Result "0-1"]
[ECO "A10"]
[WhiteElo "1768"]
[BlackElo "2075"]
[Annotator "NA"]
[PlyCount "68"]
[EventDate "2020.12.06"]
[EventType "swiss"]
[EventCountry "UKR"]
[SourceTitle "playchess.com"]
[Source "ChessBase"]
[SourceQuality "1"]
[TimeControl "40/5400+30:1800+30"]

1. c4 g6 2. Nc3 Bg7 3. g3 Nf6 4. Bg2 O-O 5. e3 d6 6. Nge2 e5 7. O-O c6 8. d3 Be6 9. Rb1 d5 10. cxd5 Nxd5 11. b4 Qd7 12. b5 Rd8 13. Ne4 b6 14. bxc6 Nxc6 15. Ba3 Rab8 16. Qd2 h6 17. Rfc1 a5 18. Bd6 Rbc8 19. Ba3 Ndb4 20. Bxb4 Nxb4 21. a3 Nxd3 22. Rxc8 Qxc8 23. Rxb6 Nf4 24. Rd6 Rxd6 25. Nxd6 Nxe2+ 26. Qxe2 Qc1+ 27. Bf1 Qxa3 28. Qa6 Qb4 29. Nc4 a4 30. Nb6 a3 31. Nc4 Bf8 32. Nxe5 a2 33. Nxg6 Qb1 34. Qa8 fxg6 0-1

[Event "UKR-ch Women 2020"]
[Site "Kherson"]
[Date "2020.12.08"]
[Round "3.10"]
[White "Yeshchenko, Uliana"]
[Black "Grineva, Marianna"]
[Result "1-0"]
[ECO "B06"]
[WhiteElo "1872"]
[BlackElo "2001"]
[Annotator "NA"]
[PlyCount "83"]
[EventDate "2020.12.06"]
[EventType "swiss"]
[EventCountry "UKR"]
[SourceTitle "playchess.com"]
[Source "ChessBase"]
[SourceQuality "1"]
[TimeControl "40/5400+30:1800+30"]

1. e4 g6 2. d4 d6 3. Nc3 c6 4. Nf3 Bg7 5. Be3 b5 6. Qd2 a6 7. Bd3 Nd7 8. h4 h5 9. Ng5 Nh6 10. e5 Nb6 11. e6 f5 12. Ne2 Nd5 13. f3 O-O 14. c3 Rf6 15. O-O-O Qf8 16. Nf4 Nxf4 17. Bxf4 Bxe6 18. Nxe6 Rxe6 19. d5 Rf6 20. Bg5 cxd5 21. Bxf6 Bxf6 22. Bc2 e6 23. Rde1 Kf7 24. Bb3 Rc8 25. Kb1 Rc5 26. Qe3 e5 27. Rd1 f4 28. Qf2 Qb8 29. Rxd5 Rxd5 30. Bxd5+ Kg7 31. Be4 Nf5 32. Bxf5 gxf5 33. g3 fxg3 34. Qxg3+ Kf7 35. Rg1 b4 36. cxb4 Qxb4 37. Qg8+ Ke7 38. Rc1 Qa5 39. Qc8 Bxh4 40. Rc7+ Kf6 41. Qd8+ Ke6 42. Qg8+ 1-0